 Dungeon Crawl Stone Soup version 0.29-a0-330-g52719c12eb (webtiles) character file.

Game seed: 17079490409830255696

3568 night the Archer (level 9, -16/75 HPs)
             Began as a Demonspawn Hunter on May 5, 2022.
             Was an Initiate of Gozag.
             Demolished by Harold
             ... wielding a +0 long sword of holy wrath
              (40 damage)
             ... on level 9 of the Dungeon.
             The game lasted 00:15:52 (5956 turns).

night the Archer (Demonspawn Hunter)                Turns: 5956, Time: 00:15:53

Health: -16/75     AC:  2    Str: 11    XL:     9   Next: 84%
Magic:  9/9        EV: 12    Int: 15    God:    Gozag
Gold:   343        SH:  0    Dex: 23    Spells: 8/8 levels left

rFire   . . .      SeeInvis .   a - +2 shortbow
rCold   . . .      Faith    .   (shield currently unavailable)
rNeg    . . .      Spirit   .   p - +3 leather armour "Paod" {*Corrode Regen+ Dex+4 Stlth+}
rPois   .          Reflect  .   (helmet restricted)
rElec   .          Harm     .   (no cloak)
rCorr   .          Rampage  .   (no gloves)
Will    .....                   (no boots)
Stlth   ++++......              u - amulet of regeneration
HPRegen 1.82/turn               (no ring)
MPRegen 0.11/turn               (no ring)

@: corroded, gold aura, studying Axes
A: antennae 1, thin skeletal structure 1, ignite blood 2
a: Renounce Religion, Potion Petition, Call Merchant, Bribe Branch


You were on level 9 of the Dungeon.
You worshipped Gozag.
Gozag was aware of your devotion.
You visited 2 branches of the dungeon, and saw 10 of its levels.

You collected 637 gold pieces.
You spent 65 gold pieces at shops.
You paid 229 gold pieces to Gozag.

Inventory:

Hand Weapons
 a - a +2 shortbow (weapon)
 b - a +2 hand axe of venom
 m - the +5 flail of Zibuepasiu {venom, +Blink rN+}
   (You found it on level 9 of the Dungeon)

   It poisons the flesh of those it strikes.
   rN:        It protects you from negative energy.
   +Blink:    It lets you blink.
Missiles
 j - 91 stones
 l - 4 boomerangs
Armour
 i - a +1 leather armour
 p - the +3 leather armour "Paod" (worn) {*Corrode Regen+ Dex+4 Stlth+}
   (You found it on level 4 of the Dungeon)

   Dex:       It affects your dexterity (+4).
   Regen:     It increases your rate of health regeneration.
   *Corrode:  It may corrode you when you take damage.
   Stlth:     It makes you more stealthy.
 q - a +2 ring mail of willpower
Jewellery
 u - an amulet of regeneration (around neck)
 v - a ring of positive energy
 x - a ring of positive energy
Wands
 o - a wand of iceblast (1)
Scrolls
 c - 4 scrolls of immolation
 e - 8 scrolls of identify
 f - a scroll of blinking
 s - a scroll of enchant armour
 w - a scroll of fear
 y - 2 scrolls of enchant weapon
 B - 2 scrolls of magic mapping
Potions
 d - 3 potions of lignification
 g - a potion of degeneration
 h - a potion of magic
 k - a potion of cancellation {unknown}
 n - 2 potions of heal wounds
 r - a potion of might {unknown}
 t - 2 potions of brilliance {unknown}
 z - a potion of berserk rage {unknown}
 A - a potion of haste {unknown}


   Skills:
 + Level 8.4 Fighting
 * Level 11.2 Bows
 - Level 1.7 Dodging
 - Level 0.8 Stealth


You had 8 spell levels left.
You didn't know any spells.
Your spell library contained the following spells:

 Spells                   Type           Power      Damage    Failure   Level
 Animate Skeleton         Necr           0%         N/A       34%         1
 Apportation              Tloc           0%         N/A       34%         1
 Magic Dart               Conj           0%         1d3       34%         1
 Summon Small Mammal      Summ           0%         N/A       34%         1
 Blink                    Tloc           0%         N/A       47%         2
 Call Imp                 Summ           0%         N/A       47%         2
 Ensorcelled Hibernation  Hex/Ice        0%         N/A       47%         2
 Lesser Beckoning         Tloc           0%         N/A       71%         3
 Mephitic Cloud           Conj/Pois/Air  0%         N/A       71%         3
 Spider Form              Tmut/Pois      0%         N/A       71%         3
 Anguish                  Hex/Necr       0%         N/A       98%         4
 Agony                    Necr           0%         N/A       100%        5
 Manifold Assault         Tloc           0%         N/A       100%        5
 Simulacrum               Ice/Necr       0%         N/A       100%        6
 Monstrous Menagerie      Summ           0%         N/A       100%        7


Dungeon Overview and Level Annotations

Branches:
Dungeon (9/15)             Temple (1/1) D:5             Orc (0/2) D:9
   Lair: D:8-11

Altars:
Ashenzari
Cheibriados
Dithmenos
Fedhas
Gozag
Hepliaklqana
Kikubaaqudgha
Makhleb
Nemelex Xobeh
Okawaru
Qazlal
Ru
Sif Muna
Trog
Uskayaw
Vehumet
Wu Jian
Xom
Yredelemnul
Zin
The Shining One

Shops:
D:3 :   D:4 ?[!

Annotations:
D:9 Harold


Innate Abilities, Weirdness & Mutations

You have a pair of small antennae on your head.
You have a somewhat thin skeletal structure. (Dex +2, Stealth+)
Your demonic aura often causes spilled blood to erupt in flames.


Message History

HP restored.
You now have 337 gold pieces (gained 6).
You now have 343 gold pieces (gained 6).
An ogre zombie and Harold come into view.
Harold is wielding a +0 long sword of holy wrath.
You shoot an arrow.
Harold shouts!
The arrow hits the ogre zombie!
The ogre zombie is moderately damaged.
Harold throws a throwing net.
The throwing net completely misses you.
You shoot an arrow. The arrow hits the ogre zombie!
The ogre zombie is heavily damaged.
You shoot an arrow. The arrow hits the ogre zombie!
The ogre zombie is almost destroyed.
The ogre zombie hits you but does no damage.
Harold throws a throwing net.
The throwing net barely misses you.
You shoot an arrow. The arrow hits the ogre zombie!
You destroy the ogre zombie!
Aiming: Iceblast
Press: ? - help, Shift-Dir - straight line, f - Harold
Aim: Harold, wielding a +0 long sword of holy wrath, wearing a +0 chain mail and quivering a throwing net The mass of ice explodes!
The iceblast engulfs Harold!
Harold is lightly wounded.
You hear a shout!
Harold fires a harpoon shot at you. The harpoon shot hits you!
Your corrosive artefact corrodes you!
You are yanked forward by the harpoon shot.
You shoot an arrow. The arrow barely misses Harold.
The arrow hits the orc zombie!
You destroy the orc zombie!
Harold hits you with a +0 long sword of holy wrath!
You convulse.
You shoot an arrow.
The arrow hits Harold but does no damage.
Harold is lightly wounded.
Harold hits you with a +0 long sword of holy wrath!!
You convulse!!!
Ouch! That really hurt!
You die...
Your body crumbles into a pile of gold.

..$#.#[.#.#*,,,,,*,*#............
..#.#.....#**,,,*,,*#............
.##,#.Z#W>#,*,,*,,**#.........###
.#..Z*Z.#..,,,,**,,*#....##.....#
##.*#.W#...#,*,,,*,##..####.....#
$,,#.Z#,.Z#.#,***##Z#..# ##....#
*,,#..*Z#Z#...###.$##..# #....#
,*,##,,.#..##....@.##..# #....#
**,,,*.##.#*,,##@####..# ######
,,,*,,*,,,,,*,#$☼..##..##########
**,,*****,,**#.#$##.........#...#
*,,*,,***$*,...#..###.......#...#
,,*,,***,**##.*####,#.......#....
,***********##******##...####....
,,,,,,,*,,,,,,,,,,,,*#.#....#....
,,,,,,,,,,,,,,,,,,,,*#.#.........
,,,,,,,,,*,,,,*+**,,*#.#......^..


You could see Harold and a goblin zombie.

Vanquished Creatures
  Psyche (D:9)
  Grinder (D:3)
  A hornet (D:9)
  A shadow (D:8)
  4 yaks (D:9)
  An acid dragon (D:6)
  A water moccasin (D:7)
  A sky beast (D:6)
  5 orc warriors
  A black bear (D:7)
  2 ogres
  2 centaurs
  3 phantoms
  2 bullfrogs
  A scorpion (D:6)
  A necrophage (D:7)
  A troll zombie (D:9)
  2 howler monkeys
  4 hounds
  2 jellies
  3 orc priests
  3 iguanas
  An orc wizard (D:6)
  3 ogre zombies (D:9)
  4 adders
  A gnoll (D:1)
  A river rat (D:4)
  2 white imps
  An ufetubus (D:5)
  3 worms (D:4)
  2 dart slugs
  16 orcs
  3 bats
  3 endoplasms
  A giant cockroach (D:3)
  7 goblins
  5 hobgoblins
  A jackal (D:3)
  4 kobolds
  3 quokkas (D:1)
  4 ball pythons
  5 frilled lizards
  A hobgoblin skeleton (D:9)
  2 hobgoblin zombies (D:9)
  An orc skeleton (D:9)
  5 orc zombies (D:9)
  5 rats
127 creatures vanquished.

Vanquished Creatures (others)
  An orc (D:9)
  A quokka (D:9)
  An orc zombie (D:9)
3 creatures vanquished.

Grand Total: 130 creatures vanquished

Notes
Turn   | Place    | Note
-------+----------+-------------------------------------------
     0 | D:1      | night the Demonspawn Hunter began the quest for the Orb.
     0 | D:1      | Reached XP level 1. HP: 16/16 MP: 1/1
   168 | D:1      | Gained mutation: Your demonic aura sometimes causes spilled
                  | blood to erupt in flames. [demonic ancestry]
   168 | D:1      | Reached XP level 2. HP: 22/22 MP: 2/2
   222 | D:1      | Reached skill level 4 in Bows
   672 | D:1      | Reached XP level 3. HP: 28/28 MP: 3/3
   916 | D:2      | Found a blossoming altar of Fedhas.
  1159 | D:2      | Found a faded altar of an unknown god.
  1169 | D:2      | Prayed at the altar of an unknown god.
  1169 | D:2      | Became a worshipper of Dithmenos the Shadowed
  1169 | D:2      | Reached * piety under Dithmenos
  1574 | D:3      | Reached XP level 4. HP: 35/35 MP: 4/4
  1947 | D:3      | Found Vumeneq's Book Boutique.
  1977 | D:3      | Noticed Grinder
  1983 | D:3      | Killed Grinder
  1984 | D:3      | Reached skill level 5 in Bows
  1984 | D:3      | Reached XP level 5. HP: 30/42 MP: 5/5
  1984 | D:3      | Reached XP level 6. HP: 34/48 MP: 6/6
  2315 | D:4      | Reached skill level 6 in Bows
  2410 | D:4      | Found Mijoh's Magic Scroll Shop.
  2418 | D:4      | Found Xalaxkitt's Antique Armour Shoppe.
  2420 | D:4      | Found Riatworch's Distillery.
  2455 | D:4      | Bought a potion of heal wounds for 65 gold pieces
  2634 | D:4      | Found a hazy altar of Hepliaklqana.
  2656 | D:4      | Identified the +3 leather armour "Paod" {*Corrode Regen+
                  | Dex+4 Stlth+}
  2958 | D:5      | Entered Level 5 of the Dungeon
  3017 | D:5      | Gained mutation: You have a somewhat thin skeletal
                  | structure. (Dex +2, Stealth+) [demonic ancestry]
  3017 | D:5      | Reached XP level 7. HP: 27/55 MP: 7/7
  3082 | D:5      | Found a sparkling altar of Nemelex Xobeh.
  3105 | D:5      | Found a staircase to the Ecumenical Temple.
  3110 | D:5      | Reached ** piety under Dithmenos
  3118 | Temple   | Entered the Ecumenical Temple
  3516 | D:5      | Reached skill level 7 in Bows
  3552 | D:5      | Reached skill level 5 in Fighting
  3757 | D:6      | Found a stormy altar of Qazlal.
  3856 | D:6      | Gained mutation: You have a pair of small antennae on your
                  | head. [demonic ancestry]
  3856 | D:6      | Reached XP level 8. HP: 40/63 MP: 8/8
  3859 | D:6      | Reached skill level 8 in Bows
  3964 | D:6      | Found an ornate altar of the Wu Jian Council.
  3993 | D:6      | Found an opulent altar of Gozag.
  4028 | D:6      | Fell from the grace of Dithmenos
  4028 | D:6      | Became a worshipper of Gozag Ym Sagoz the Greedy
  4160 | D:6      | Found a snail-covered altar of Cheibriados.
  4163 | D:6      | Found a burning altar of Makhleb.
  4247 | D:6      | Got the Grimoire of the Sinister Escort
  4742 | D:7      | Reached skill level 9 in Bows
  5020 | D:7      | Found a basalt altar of Yredelemnul.
  5142 | D:7      | Gained mutation: Your demonic aura often causes spilled
                  | blood to erupt in flames. [demonic ancestry]
  5142 | D:7      | Reached XP level 9. HP: 72/72 MP: 9/9
  5578 | D:8      | Noticed a shadow demon
  5644 | D:9      | Reached skill level 10 in Bows
  5662 | D:9      | Noticed Psyche
  5673 | D:9      | Killed Psyche
  5774 | D:9      | Paralysed by a hornet for 1 turns
  5778 | D:9      | HP: 4/74 [wraith (10)]
  5780 | D:9      | Reached skill level 11 in Bows
  5781 | D:9      | Found a staircase to the Orcish Mines.
  5885 | D:9      | Identified the +5 flail of Zibuepasiu {venom, +Blink rN+}
  5949 | D:9      | Noticed Harold
  5956 | D:9      | Demolished by Harold

Illustrated notes

Levels and vault maps discovered:
D:1:      amcnicky_arrival_blooded_trapdoor, layout_basic
D:2:      layout_basic, hellmonk_ecumenical_altar_prayer_group, basic_altar,
          minmay_misc_feat_x
D:3:      layout_loops_cross, serial_shops, nicolae_shop_crystal,
          minmay_surrounded, uniq_grinder
D:4:      layout_rooms, mainiacjoe_overflow_alcove_4, lightli_sewer_entry_pipes,
          nicolae_wooded_promenade
D:5:      layout_rooms, nemelex_xobeh_ov_fountains_minmay, temple_fountains
D:6:      layout_loops_ring, lemuel_doored_altar, overflow_temple_1_default,
          grunt_qazlal_clouds, cheibriados_altar_1, general_overflow_altar,
          roderic_serpentine_path
D:7:      layout_basic, mainiacjoe_overflow_concentric_impassable,
          minmay_misc_feat_square
D:8:      layout_rooms, erik_lair_dragon
D:9:      layout_basic, elyvilon_altar_4, zombieorc1_lemuel,
          minmay_ruined_shrine, uniq_psyche, uniq_erolcha, uniq_harold
Temple:   oiseaux_autumnal_temple

Skill      XL: |  1  2  3  4  5  6  7  8  9 |
---------------+----------------------------+-----
Bows           | 4 5 6 7 9 11 | 11.2
Fighting       | 3 4 5 7 8 |  8.4
Dodging        | |  1.7
Stealth        | |  0.8

Action                   |  1- 3 |  4- 6 |  7- 9 || total
-------------------------+-------+-------+-------++-------
Melee: Hand axe          |       |       |    13 ||    13
 Fire: Shortbow          |    61 |    89 |   267 ||   417
Invok: Potion Petition   |       |       |     1 ||     1
Evoke: Wand              |       |       |     2 ||     2
  Use: Scroll            |     6 |     3 |     6 ||    15
       Potion            |       |       |     2 ||     2
 Stab: Sleeping          |       |       |     1 ||     1
Armor: Leather armour    |     2 |     8 |    23 ||    33
Dodge: Dodged            |     8 |    31 |    53 ||    92

Table legend: (Time is in decaauts)
 A = Elapsed time spent in this place.
 B = Non-inter-level travel time spent in this place.
 C = Inter-level travel time spent in this place.
 D = Time resting spent in this place.
 E = Time spent auto-exploring this place.
 F = Levels seen in this place.
 G = Mean time per level.
                   A        B        C        D        E       F      G
               +--------+--------+--------+--------+--------+-----+--------+
         Total |   6055 |   5814 |    241 |     52 |   4776 |  10 |  605.5 |
       Dungeon |   5824 |   5594 |    230 |     52 |   4567 |   9 |  647.1 |
        Temple |    230 |    220 |     10 |      0 |    208 |   1 |  230.0 |
               +--------+--------+--------+--------+--------+-----+--------+

Top non-repeatable levels by time:
     D:6: 982 daAuts
     D:1: 849 daAuts
     D:3: 805 daAuts
     D:4: 721 daAuts
     D:7: 657 daAuts
     D:2: 640 daAuts
     D:5: 558 daAuts
     D:9: 321 daAuts
     D:8: 287 daAuts
  Temple: 230 daAuts
